Zazza, neutral female human Tourist -------------- |............| |............| |............| ############### |........>...| # # ----.--------- ### ### ## # # ----- # `##############....| ### ##------ |...| # ##-....-#####-...| # #|....| ----- ################################`|....| ---------------- #-----..---- ------ |............{.|####|.........| |..............| ##|%...).)..| * ` |..............-####....'ZZ....#########**##*##**#**####*##*##*##**` ---------------- |....@Z..<| |.........| ----------- Zazza the Sightseer Experience level: 5 Strength: 12 Dexterity: 9 Constitution: 18 Intelligence: 15 Wisdom: 10 Charisma: 18 Health: 0(51) Energy: 18(18) Def: 3 Gold: 866 Moves: 4805 Dungeon seed: fhWRz3SAgXQtZJ9r Game ID: Zazza_1536733225 Your Inventory: Coins $ - 866 gold pieces Weapons a - 33 blessed +2 darts (in quiver) m - the +0 Sting n - 2 +0 orcish daggers p - a +0 long sword (weapon in hand) u - a cursed -1 elven dagger J - 4 +0 darts Armor q - an uncursed +0 orcish helm (being worn) y - an uncursed +0 pair of leather gloves (being worn) z - an uncursed +0 leather jacket (being worn) Comestibles b - an uncursed tripe ration c - 3 uncursed food rations d - 2 uncursed eggs s - 3 uncursed eggs Scrolls g - a cursed scroll of light K - an uncursed scroll of scare monster P - an uncursed scroll of light Q - an uncursed scroll of gold detection V - a cursed scroll of punishment Potions r - a potion of unholy water X - an uncursed potion of water Rings B - a cursed ring of levitation Wands C - a wand of polymorph (0:0) R - a wand of speed monster (0:6) Tools k - an expensive camera (0:89) l - an uncursed credit card v - an uncursed towel O - an uncursed lock pick U - an uncursed tin whistle Gems e - an uncursed worthless piece of red glass Spells and supernatural/magical abilities: Name Level Category Fail Memory z - sleep 1 enchantment 35% 88% W - pray for help -- divine ? -- Your skills at the end: Fighting Skills Weapon Skills long sword [Basic] dart [Basic] Spellcasting Skills Final Attributes: You were piously aligned. You were poison resistant. You were telepathic. You were held by a rope golem. You were very fast. You are dead. Vanquished creatures: a large dog a leprechaun a yellow light 2 shriekers 2 straw golems 2 floating eyes a kobold shaman 3 hill orcs an iguana 2 gas spores a hobbit 4 manes 7 cave spiders a brown mold 4 yellow molds a green mold a gnome zombie 7 geckos 8 jackals 3 foxes 2 kobolds 4 goblins 3 grid bugs a bat 3 lichens 4 kobold zombies 11 newts 81 creatures vanquished. Voluntary challenges: You had been an atheist until turn 4799. You used a wielded weapon 82 times, starting on turn 44. You read items or engraved 7 times, starting on turn 539. You never genocided any monsters. You polymorphed 6 items, starting on turn 2735. You never changed form. You used no wishes. You never split a pudding. You never wrote Elbereth's name. You violated your moral code, losing 24 points of alignment, starting on turn 2766. Dungeon overview: The Dungeons of Doom: levels 1 to 7 Level 1 a long staircase Level 2 Level 3 some fountains Level 4 a general store, a fountain a long staircase Level 5 some fountains Level 6 many fountains Level 7 <- You were here a fountain History has recorded: On T:1 you entered the Dungeons of Doom to retrieve the Amulet of Yendor! On T:634 you reached level 2 of The Dungeons of Doom. On T:1103 you reached level 3 of The Dungeons of Doom. On T:1324 you advanced to experience level 2. On T:1485 you reached level 4 of The Dungeons of Doom. On T:2186 you reached level 5 of The Dungeons of Doom. On T:2766 you advanced to experience level 3. On T:2824 you advanced to experience level 4. On T:3585 you reached level 6 of The Dungeons of Doom. On T:3728 you advanced to experience level 5. On T:4160 you reached level 7 of The Dungeons of Doom. Score breakdown: Gold: 795 ( 9867 points) Experience: 5 levels (11141 points) Exploration: 7 levels ( 14.58%) (10718 points) Discoveries: 10 items ( 3.36%) ( 5495 points) Valuables value: (no points given unless you survive) Artifact value: 800 ( 9877 points) Variety of kills: 27 monsters ( 7.09%) ( 7986 points) Turncount: 4805 turns (-1295 points) Survival: died (score multiplied by 80%) Total score: 43031 Latest messages: The rope golem hits! (2x) You are being choked. You begin praying to The Lady. You are surrounded by a shimmering light. The orc zombie starts to attack you, but pulls back. The rope golem loosens its grip slightly. The orc zombie starts to attack you, but pulls back. (2x) The rope golem loosens its grip slightly. You feel that The Lady is well-pleased. You feel much better. You miss it. The rope golem hits! (2x) You are being choked. You miss it. The orc zombie hits! (2x) You miss it. You hit it. The rope golem hits! (2x) You are being choked. You hit it. The orc zombie hits! (3x) The rope golem hits! (2x) You are being choked. You die... Final status: Aloha Zazza the Tourist, killed by a rope golem... You died in The Dungeons of Doom on dungeon level 7 with 43031 points, and 866 pieces of gold, after 4805 moves. You were level 5 with a maximum of 51 hit points when you died.